 Dungeon Crawl Stone Soup version 0.28.0-53-g5a82cb258f (webtiles) character file.

Game seed: 4304580828536952851

104 Tiocfaidh the Magician (level 5, 0/35 HPs)
             Began as a Djinni Ice Elementalist on May 29, 2022.
             Slain by a quokka (4 damage)
             ... on level 2 of the Dungeon.
             The game lasted 00:12:05 (2814 turns).

Tiocfaidh the Magician (Djinni Ice Elementalist)    Turns: 2814, Time: 00:12:06

Health: 0/35       AC:  2    Str:  7    XL:     5   Next: 7%
Gold:   16         EV: 12    Int: 18    God:
                   SH:  0    Dex: 14

rFire   + + .      SeeInvis .   e - +0 short sword
rCold   x . .      Faith    .   (no shield)
rNeg    . . .      Spirit   .   a - +0 robe
rPois   ∞          Reflect  .   (no helmet)
rElec   .          Harm     .   (no cloak)
rCorr   .          Rampage  .   (no gloves)
Will    .....                   (boots unavailable)
Stlth   ++........              (no amulet)
HPRegen 0.11/turn               (no ring)
MPRegen 0.00/turn               (no ring)

@: flying
A: sickness immunity, fire resistance 2, cold vulnerability 1, float, innate
caster, HP casting, extra vitality 1
a: no special abilities


You were on level 2 of the Dungeon.
You visited 1 branch of the dungeon, and saw 2 of its levels.

You collected 16 gold pieces.

Inventory:

Hand Weapons
 e - a +0 short sword (weapon)
Armour
 a - a +0 robe (worn)
Scrolls
 b - a scroll of immolation {unknown}
 g - a scroll of enchant weapon {unknown}
Potions
 c - 2 potions of haste {unknown}
 d - 2 potions of heal wounds {unknown}
 f - a potion of attraction {unknown}
 h - a potion of ambrosia {unknown}
 i - a potion of curing {unknown}


   Skills:
 + Level 0.2 Fighting
 + Level 2.6 Dodging
 + Level 2.3 Stealth
 + Level 0.1 Unarmed Combat
 + Level 4.3 Spellcasting


You couldn't memorise any spells.
You knew the following spells:

 Your Spells              Type           Power      Damage    Failure   Level
a - Freeze                Ice            76%        1d9       2%          1
b - Frozen Ramparts       Ice            38%        1d5       8%          3
c - Ozocubu's Armour      Ice            19%        N/A       8%          3
d - Hailstorm             Conj/Ice       19%        3d6       24%         4
e - Magic Dart            Conj           76%        1d6       2%          1
f - Poisonous Vapours     Pois/Air       38%        N/A       3%          2
Your spell library was empty.

Dungeon Overview and Level Annotations

Branches:
Dungeon (2/15)

Altars:
Zin


Innate Abilities, Weirdness & Mutations

You are immune to sickness and miasma.
You are immune to poison.
Your flesh is very heat resistant. (rF++)
You are vulnerable to cold. (rC-)
You float through the air rather than walking.
You learn spells naturally, not from books.
Your magical power is your life essence.
You have superior vitality. (+4 MHP)


Message History

You hit the quokka but do no damage. The quokka bites you.
You barely miss the quokka. The quokka bites you. x2
You hit the quokka.
The quokka is moderately wounded.
The quokka closely misses you.
You closely miss the quokka.
The quokka is moderately wounded.
The quokka bites you.
You hit the quokka but do no damage.
The quokka is moderately wounded.
The quokka barely misses you. The quokka completely misses you.
You hit the quokka. You punch the quokka.
The quokka is severely wounded.
The quokka bites you.
You closely miss the quokka.
The quokka is severely wounded.
The quokka barely misses you.
You hit the quokka but do no damage.
The quokka is severely wounded.
The quokka barely misses you. The quokka closely misses you.
You hit the quokka but do no damage.
The quokka is severely wounded.
The quokka bites you.
You closely miss the quokka.
The quokka is severely wounded.
The quokka bites you.
You barely miss the quokka.
The quokka is severely wounded.
The quokka bites you. x2
* * * LOW HITPOINT WARNING * * *
You barely miss the quokka.
The quokka is severely wounded.
The quokka bites you.
* * * LOW HITPOINT WARNING * * *
You hit the quokka.
The quokka is almost dead.
The quokka bites you.
* * * LOW HITPOINT WARNING * * *
The quokka bites you.
You die...

.#.#
#.#.##########.#
.#.#
#.#.##########.#
##.#
#.#..........#.#
...#
#.##########.#.#
#### #.# #.#.#
#.#### #.#.#
#.##.# #<#.#
#r##.#########.#
#@#....).......#
#.##.###########
#.##)# #.##.#
#.##†# #.##.#
#.##.# #....#
#.####


You could see a quokka.

Vanquished Creatures
  Jessica (D:2)
  3 gnolls
  A dart slug (D:1)
  4 endoplasms
  3 giant cockroaches
  6 goblins
  5 hobgoblins
  5 jackals (D:1)
  A quokka (D:1)
  2 ball pythons
  3 bats
  A frilled lizard (D:1)
  2 kobolds
  7 rats
44 creatures vanquished.

Vanquished Creatures (others)
  3 plants (D:1)
3 creatures vanquished.

Grand Total: 47 creatures vanquished

Notes
Turn   | Place    | Note
-------+----------+-------------------------------------------
     0 | D:1      | Tiocfaidh the Djinni Ice Elementalist began the quest for
                  | the Orb.
     0 | D:1      | Reached XP level 1. HP: 15/15 MP: 0/0
   377 | D:1      | Reached XP level 2. HP: 20/21 MP: 0/0
   609 | D:1      | Reached XP level 3. HP: 17/25 MP: 0/0
   609 | D:1      | Learned a level 1 spell: Magic Dart
   768 | D:1      | Reached skill level 4 in Spellcasting
   864 | D:1      | Found a faded altar of an unknown god.
  1161 | D:2      | Found a glowing silver altar of Zin.
  1416 | D:2      | Reached XP level 4. HP: 27/31 MP: 0/0
  1475 | D:2      | Noticed Jessica
  2028 | D:2      | Killed Jessica
  2212 | D:2      | Reached XP level 5. HP: 31/35 MP: 0/0
  2212 | D:2      | Learned a level 2 spell: Poisonous Vapours
  2814 | D:2      | Slain by a quokka

Illustrated notes

Levels and vault maps discovered:
D:1:      nagdon_arrival_zigzag_paths, layout_basic,
          dilly_ecumenical_altar_fadedgnrine, st_stairs_1
D:2:      layout_basic, basic_altar, uniq_robin, uniq_jessica

Skill      XL: |  1  2  3  4 |
---------------+-------------+-----
Spellcasting   | 4 |  4.3
Stealth        | 2 |  2.3
Fighting       | |  0.2
Dodging        | |  2.6
Unarmed Combat | |  0.1

Action                   |  1- 3 |  4- 6 || total
-------------------------+-------+-------++-------
Melee: Unarmed           |     2 |       ||     2
       Short sword       |    22 |    37 ||    59
       Dagger            |     1 |       ||     1
       Punch             |       |     1 ||     1
 Cast: Freeze            |    43 |     9 ||    52
       Poisonous Vapours |       |     1 ||     1
 Stab: Sleeping          |     2 |       ||     2
Armor: Robe              |    15 |     2 ||    17
Dodge: Dodged            |    31 |    21 ||    52
